 Dungeon Crawl Stone Soup version 0.19-a0-1007-g133f65f (webtiles) character file.

27 Implojin the Ruffian (level 2, -5/26 HPs)
             Began as a Minotaur Fighter on July 20, 2016.
             Slain by an iguana (8 damage)
             ... on level 5 of the Dungeon.
             The game lasted 00:01:02 (96 turns).

Implojin the Ruffian (Minotaur Fighter)               Turns: 96, Time: 00:01:03

Health: -5/26      AC:  6    Str: 25    XL:     2   Next: 93%
Magic:  1/1        EV:  7    Int:  5    God:
Gold:   0          SH:  9    Dex:  9    Spells: 0 memorised, 1 level left

rFire  . . .     SeeInvis .       - Unarmed
rCold  . . .     Gourm    .     a - +0 scale mail
rNeg   . . .     Faith    .     b - +0 shield
rPois  .         Spirit   .     (helmet restricted)
rElec  .         Dismiss  .     (no cloak)
rCorr  .         Reflect  .     (no gloves)
SustAt .         Harm     .     (no boots)
MR     .....                    (no amulet)
Stlth  +.........               (no ring)
                                e - ring of stealth

@: mighty, not resistant to hostile enchantments, very unstealthy
A: retaliatory headbutt, horns 2
a: no special abilities


You were on level 5 of the Dungeon.
You were not hungry.

You visited 1 branch of the dungeon, and saw 4 of its levels.

Inventory:

Armour
 a - a +0 scale mail (worn)
 b - a +0 shield (worn)
 g - a +0 ring mail
Jewellery
 e - a ring of stealth (left hand)
Potions
 f - a potion of agility {unknown}
Comestibles
 d - a bread ration


   Skills:
 - Level 3.6 Fighting
 - Level 3.6 Armour
 - Level 3.6 Shields
 * Level 3.8 Unarmed Combat


You had one spell level left.
You didn't know any spells.

Dungeon Overview and Level Annotations

Branches:
Dungeon (3/15)

Altars:
Elyvilon

Annotations:
D:3 Implojin's ghost, weakling MiFi


Innate Abilities, Weirdness & Mutations

You reflexively headbutt those who attack you in melee.
You have a pair of horns on your head.


Message History

* * * LOW HITPOINT WARNING * * *
Unknown command.
There isn't anything to butcher here.
Unknown command.
Press: ? - help, v - describe, . - travel, g - get item 11 gold pieces.
The floor, spattered with blood.
Implojin's ghost says, "You can hit me, but you can't hurt me."
There is a shaft here.
You fall through a shaft for 2 floors!
The shaft crumbles and collapses.
An iguana, 4 orcs and an orc wizard come into view.
The orc shouts! x2; The orc wizard shouts!
The orc shouts!
Found a white marble altar of Elyvilon.
You see here 4 gold pieces.
Unknown command.
Press: ? - help, v - describe, . - travel, g - get item 4 gold pieces.
The floor.
The orc wizard moves out of view.
You closely miss the orc. You closely miss the orc.
The iguana hisses menacingly.
You block the orc's attack.
You hit the orc.
The orc is severely wounded.
The orc hits you with a dagger.
* * * LOW HITPOINT WARNING * * *
The orc hits you but does no damage.
A hound comes into view.
Unknown command.
The hound barks!
You block the iguana's attack.
You punch the iguana!
The iguana is heavily wounded.
You block the iguana's attack.
You closely miss the iguana. You headbutt the iguana.
The iguana is almost dead.
The iguana bites you!
You die...

##########
.......@.#
########l######
#$.o.ooh......
#.#o#.#.#.#.#.
#..oo.......
#...⌠.....⌠...
#......._......
#....⌠.....⌠...
#.............


You could see an iguana, a hound and an orc.

Vanquished Creatures
  2 adders (D:3)
  A giant gecko (D:1)
  A giant cockroach (D:2)
  A quokka (D:2)
  2 bats (D:3)
  A giant newt (D:3)
  A kobold (D:1)
  A rat (D:2)
10 creatures vanquished.

Notes
Turn   | Place    | Note
-------+----------+-------------------------------------------
     0 | D:1      | Implojin the Minotaur Fighter began the quest for the Orb.
     0 | D:1      | Reached XP level 1. HP: 19/19 MP: 0/0
    71 | D:3      | Noticed Implojin's ghost (weakling MiFi)
    73 | D:3      | Reached skill level 3 in Unarmed Combat
    73 | D:3      | Reached XP level 2. HP: 11/26 MP: 1/1
    85 | D:3      | You fall through a shaft for 2 floors!
    85 | D:5      | Entered Level 5 of the Dungeon
    85 | D:5      | Found a white marble altar of Elyvilon.
    96 | D:5      | Slain by an iguana

Vault maps used:
D:1:      dpeg_arrival_windows_large_door, minmay_pentomino_v2
D:2:      serial_glass, glass_columns_c, glass_columns_a
D:3:      uniq_iyjb
D:5:      lemuel_crystal_altar, first_bread, serial_shops,
          kennysheep_little_box, elyvilon_altar_5

Skill      XL: |  1 |
---------------+----+-----
Unarmed Combat | 3 |  3.8
Fighting       | |  3.6
Armour         | |  3.6
Shields        | |  3.6

Action                   || total
-------------------------++-------
Melee: Unarmed           ||    31
       Headbutt          ||     5
  Use: Potion            ||     1
Armor: Scale mail        ||    27
Dodge: Dodged            ||    14
Block: Shield            ||    24

Table legend:
 A = Turns spent in this place as a percentage of turns spent in the entire game.
 B = Non-inter-level travel turns spent in this place as a percentage of non-inter-level travel turns spent in the entire game.
 C = Inter-level travel turns spent in this place as a percentage of turns spent in this place.
 D = Turns resting spent in this place as a percentage of non-inter-level travel turns spent in this place.
 E = Turns spent auto-exploring this place as a percentage of non-inter-level travel turns spent in this place.
 F = Non-inter-level travel turns spent in this place divided by the number of levels of this place that you've seen.
                   A       B       C       D       E      F
               +-------+-------+-------+-------+-------+----------------------
         Total | 100.0 | 100.0 |   0.0 |   0.0 |   0.0 |  27.8
       Dungeon | 100.0 | 100.0 |   0.0 |   0.0 |   0.0 |  27.8
               +-------+-------+-------+-------+-------+----------------------

Table legend:
 A = Kills in this place as a percentage of kills in entire the game.
 B = Kills by you in this place as a percentage of kills by you in the entire game.
 C = Kills by friends in this place as a percentage of kills by friends in the entire game.
 D = Other kills in this place as a percentage of other kills in the entire game.
 E = Experience gained in this place as a percentage of experience gained in the entire game.
 F = Experience gained in this place divided by the number of levels of this place that you have seen.
                   A       B       C       D       E      F
               +-------+-------+-------+-------+-------+----------------------
         Total | 100.0 | 100.0 |  -nan |  -nan | 100.0 |   9.8
       Dungeon | 100.0 | 100.0 |  -nan |  -nan | 100.0 |   9.8
               +-------+-------+-------+-------+-------+----------------------
